 Dungeon Crawl Stone Soup version 0.22.1-6-g1668fe2 (webtiles) character file.

58928 Kairos the Cleaver (level 14, -1/75 HPs)
             Began as a Vine Stalker Fighter on Jan 23, 2019.
             Was the Champion of Okawaru.
             Slain by a guardian serpent (9 damage)
             ... on level 2 of the Snake Pit.
             The game lasted 00:38:40 (14049 turns).

Kairos the Cleaver (Vine Stalker Fighter)          Turns: 14049, Time: 00:38:40

Health: -1/75      AC: 20    Str: 27    XL:     14   Next: 92%
Magic:  0/18       EV: 18    Int:  8    God:    Okawaru [******]
Gold:   1360       SH: 15    Dex: 19    Spells: 13/13 levels left

rFire    . . .     SeeInvis .   b - +4 broad axe (freeze)
rCold    . . .     Gourm    .   c - +0 shield
rNeg     + . .     Faith    +   L - +4 ring mail
rPois    +         Spirit   +   A - +2 hat of the Bear Spirit {Spirit, +Rage rN+ MR++}
rElec    .         Reflect  .   p - +2 cloak {+Inv}
rCorr    .         Harm     .   R - +0 pair of gloves of Imperfection {+Blink MR+ Str+3}
MR       ++++.                  u - +0 pair of boots
Stlth    ++++......             H - amulet of faith
HPRegen  1.02/turn              h - +5 ring of dexterity
MPRegen  0.16/turn              F - ring of poison resistance

@: lethally poisoned (-1 -> -3), about to teleport, heroism, finesse,
constricted
A: fangs 3, regeneration 2, magic shield, antimagic bite, no potion heal 3, rot
immunity
a: Heroism, Finesse, Renounce Religion, Evoke Blink, Evoke Berserk Rage, Evoke
Invisibility


You were on level 2 of the Snake Pit.
You worshipped Okawaru.
Okawaru was exalted by your worship.
You were not hungry.

You visited 4 branches of the dungeon, and saw 18 of its levels.
You also visited: Bailey.

You collected 1360 gold pieces.

Inventory:

Hand Weapons
 b - a +4 broad axe of freezing (weapon)
 N - the +9 trident of the Absolute Madman {drain, rN+ Dex+2}
   (You took it off a goblin in a bailey)

   A truly terrible weapon, it drains the life of those it strikes.
   It affects your dexterity (+2).
   It protects you from negative energy.
 V - the +7 great mace "Undeadhunter" {disrupt, rN+}
   (You found it on level 5 of the Lair of Beasts)

   It protects you from negative energy.
Armour
 c - a +0 shield (worn)
 p - a +2 cloak of invisibility (worn)
 u - a +0 pair of boots (worn)
 A - the +2 hat of the Bear Spirit (worn) {Spirit, +Rage rN+ MR++}
   (You found it on level 7 of the Dungeon)

   It protects you from negative energy.
   It affects your resistance to hostile enchantments.
   It lets you go berserk.
 L - a +4 ring mail (worn)
 R - the +0 pair of gloves of Imperfection (worn) {+Blink MR+ Str+3}
   (Okawaru gifted it to you on level 2 of the Lair of Beasts)

   It affects your strength (+3).
   It affects your resistance to hostile enchantments.
   It lets you blink.
 S - a scarf of repulsion
Jewellery
 h - a +5 ring of dexterity (left hand)
 w - an uncursed ring of flight
 C - an uncursed ring of positive energy
 F - a ring of poison resistance (right hand)
 H - an amulet of faith (around neck)
Wands
 a - a wand of flame (36)
 y - a wand of scattershot (3)
 P - a wand of iceblast (14)
 U - a wand of polymorph (9)
 X - a wand of digging (12)
 Y - a wand of paralysis (13)
Scrolls
 e - 3 scrolls of immolation
 g - 5 scrolls of fear
 i - 11 scrolls of remove curse
 l - 12 scrolls of teleportation
 m - 8 scrolls of enchant armour
 r - a scroll of brand weapon
 s - a scroll of blinking
 G - 4 scrolls of fog
 Q - 2 scrolls of summoning
Potions
 d - 2 potions of might
 j - a potion of invisibility
 k - 5 potions of brilliance
 n - 7 potions of curing
 o - 4 potions of flight
 x - a potion of berserk rage
 E - 3 potions of mutation
 J - 3 potions of haste
 K - a potion of magic {unknown}
 M - 2 potions of experience {unknown}
 O - a potion of lignification {unknown}
Miscellaneous
 W - a fan of gales
Comestibles
 f - 26 rations


   Skills:
 + Level 9.6(14.6) Fighting
 + Level 14.7(20.0) Axes
 + Level 4.2(15.7) Polearms
 + Level 7.1(12.1) Armour
 + Level 6.6(11.6) Dodging
 + Level 6.4(11.4) Stealth
 + Level 9.9(14.9) Shields
 + Level 4.3 Invocations
 + Level 2.6 Evocations


You had 13 spell levels left.
You didn't know any spells.
Your spell library contained the following spells:

 Spells                   Type           Power        Failure   Level  Hunger
 Beastly Appendage        Tmut           #.....       52%         1    ##.....
 Sandblast                Erth           #.....       52%         1    ##.....
 Sting                    Conj/Pois      #...         52%         1    ##.....
 Passwall                 Tmut/Erth      #.......     65%         2    ###....
 Poisonous Vapours        Pois/Air       #.....       65%         2    ###....
 Sticks to Snakes         Tmut           #.......     65%         2    ###....
 Mephitic Cloud           Conj/Pois/Air  #.......     87%         3    ####...
 Spider Form              Tmut/Pois      #.........   87%         3    ####...
 Stone Arrow              Conj/Erth      #.....       87%         3    ####...
 Ice Form                 Ice/Tmut       #.......     99%         4    #####..
 Olgreb's Toxic Radiance  Pois           #.......     99%         4    #####..
 Petrify                  Tmut/Erth      #.......     99%         4    #####..
 Blade Hands              Tmut           #.........   100%        5    ######.
 Lee's Rapid Deconstruct  Erth           #.........   100%        5    ######.
 Venom Bolt               Conj/Pois      #.........   100%        5    ######.


Dungeon Overview and Level Annotations

Branches:
Dungeon (9/15)             Temple (1/1) D:6            Lair (6/6) D:9
 Shoals (0/4) Lair:4        Snake (2/4) Lair:3        Slime (0/5) Lair:6
    Orc: D:9-12

Altars:
Cheibriados
Elyvilon
Fedhas
Gozag
Hepliaklqana
Kikubaaqudgha
Makhleb
Nemelex Xobeh
Okawaru
Ru
Sif Muna
Trog
Uskayaw
Vehumet
Wu Jian
Xom
Yredelemnul
Zin
The Shining One
Jiyva

Shops:
D:6 :   Snake:1 [

Annotations:
D:9 Psyche
Lair:2 1 runed door, Maniyck's ghost, novice TrFi


Innate Abilities, Weirdness & Mutations

You have razor-sharp teeth.
You heal very quickly.
When hurt, damage is shared between your health and your magic reserves.
Your bite disrupts and absorbs the magic of your enemies.
Potions cannot restore your health.
You are immune to rotting.


Message History

The guardian serpent gestures with its tail.
The naga blinks!
The guardian serpent blinks!
You block the guardian serpent's attack.
The naga completely misses you. You block the naga's attack.
The naga spits poison at you. The splash of poison misses you.
The splash of poison hits the black mamba.
The naga sharpshooter gestures wildly while chanting.
The naga sharpshooter magically shoots a bolt.
The bolt hits you!!
* * * LOW HITPOINT WARNING * * *
The salamander hits you but does no damage.
The naga ritualist hits you with a dagger of venom.
* * * LOW HITPOINT WARNING * * *
You block the naga ritualist's attack. The naga warrior closely misses you.
The naga warrior grabs you.
* * * LOW HITPOINT WARNING * * *
The naga warrior constricts you. The black mamba misses you.
The guardian serpent hits you!
You die...

#.....#.#
#....§#$##
######...#
#.§.# #...#
#...#
######...#
#N§N..§NSN#
S.#####S@N#


#SNN# ....... ...####### ...## ## You could see a naga warrior, a naga
sharpshooter, a salamander, a naga ritualist, 2 guardian serpents, a black mamba
and 2 nagas.

Vanquished Creatures
  Gastronok (Lair:2)
  An orc warlord (Bailey)
  Erolcha (D:9)
  7 hydras
  3 anacondas
  3 naga warriors (Snake:1)
  A merfolk avatar (Lair:6)
  A naga ritualist (Snake:1)
  Pikel (D:3)
  A lindwurm (Lair:5)
  3 mana vipers (Snake:1)
  An orc knight (Bailey)
  A harpy (Lair:6)
  A salamander (Snake:1)
  2 manticores (Lair:6)
  4 black mambas (Snake:1)
  24 elephants
  4 naga magi (Snake:1)
  12 spiny frogs
  7 rime drakes
  10 komodo dragons
  A hornet (Lair:6)
  3 polar bears
  Prince Ribbit (D:8)
  3 blink frogs (Lair:2)
  A snapping turtle (Lair:4)
  4 hippogriffs
  Sigmund (D:6)
  5 wyverns
  59 yaks
  3 basilisks
  2 soldier ants (D:9)
  16 nagas
  15 water moccasins
  2 sky beasts
  6 porcupines
  15 orc warriors
  2 slaves (D:4)
  3 black bears
  5 ogres
  2 ice beasts
  A necrophage (D:6)
  3 phantoms
  5 wolves (Lair:1)
  2 centaurs
  6 crocodiles
  A big kobold (D:8)
  12 bullfrogs
  A scorpion (D:7)
  4 killer bees (D:7)
  7 howler monkeys
  An electric eel (Lair:4)
  2 crimson imps
  A centaur zombie (D:7)
  A bullfrog zombie (D:8)
  3 jellies
  An orc priest (D:5)
  3 hounds (D:5)
  3 bullfrog skeletons
  2 iguanas
  4 hell rats (Lair:6)
  7 orc wizards
  6 worker ants
  A hound zombie (D:5)
  2 hound skeletons
  3 worker ant zombies
  A howler monkey skeleton (D:7)
  8 adders
  21 gnolls
  4 river rats (Lair:6)
  A shadow imp (D:6)
  2 oozes
  An adder zombie (D:9)
  3 worms
  A dart slug (D:3)
  4 leopard geckos
  27 orcs
  2 ball pythons
  A giant cockroach (D:3)
  19 hobgoblins
  7 jackals
  3 quokkas
  9 bats
  9 frilled lizards
  29 goblins
  A jackal skeleton (D:5)
  12 kobolds
  A leopard gecko skeleton (D:5)
  14 rats
  4 plants (Lair:2)
504 creatures vanquished.

Vanquished Creatures (others)
  A hound skeleton (D:4)
  4 fungi (Lair:6)
  10 plants
15 creatures vanquished.

Grand Total: 519 creatures vanquished

Notes
Turn   | Place    | Note
-------+----------+-------------------------------------------
     0 | D:1      | Kairos the Vine Stalker Fighter began the quest for the
                  | Orb.
     0 | D:1      | Reached XP level 1. HP: 11/11 MP: 2/2
   202 | D:1      | Reached XP level 2. HP: 16/16 MP: 3/3
   230 | D:1      | Reached skill level 2 in Axes
   581 | D:1      | Reached XP level 3. HP: 17/20 MP: 4/4
   805 | D:2      | Gained mutation: Your natural rate of healing is unusually
                  | fast. [Vine Stalker growth]
   805 | D:2      | Reached XP level 4. HP: 13/24 MP: 5/5
   817 | D:2      | Reached skill level 3 in Axes
   829 | D:2      | Reached XP level 5. HP: 12/28 MP: 4/6
  1451 | D:3      | Found a bloodstained altar of Trog.
  1812 | D:4      | Reached skill level 4 in Axes
  1812 | D:4      | Reached XP level 6. HP: 25/32 MP: 7/7
  1830 | D:4      | Noticed a slave
  1832 | D:4      | Noticed a slave
  1835 | D:4      | Killed a slave
  1844 | D:4      | Killed a slave
  1845 | D:4      | Noticed a slave
  1849 | D:4      | Noticed a slave
  1850 | D:4      | Noticed Pikel
  1888 | D:3      | Killed Pikel
  1888 | D:3      | Reached skill level 5 in Axes
  1888 | D:3      | Reached skill level 1 in Dodging
  1888 | D:3      | Reached XP level 7. HP: 32/37 MP: 5/8
  2011 | D:4      | Gained mutation: You have razor-sharp teeth. [Vine Stalker
                  | growth]
  2011 | D:4      | Reached XP level 8. HP: 36/42 MP: 7/9
  2248 | D:5      | Entered Level 5 of the Dungeon
  2274 | D:5      | Reached skill level 6 in Axes
  2634 | D:5      | Reached skill level 1 in Evocations
  2796 | D:5      | Reached skill level 5 in Shields
  3020 | D:6      | Reached skill level 1 in Stealth
  3123 | D:6      | Reached XP level 9. HP: 46/46 MP: 11/11
  3131 | D:6      | Noticed Sigmund
  3314 | D:6      | Killed Sigmund
  3534 | D:6      | Reached skill level 7 in Axes
  3546 | D:6      | Found a staircase to the Ecumenical Temple.
  3560 | Temple   | Entered the Ecumenical Temple
  3672 | Temple   | Became a worshipper of Warmaster Okawaru
  3761 | D:6      | Found a burning altar of Makhleb.
  4087 | D:6      | Found Lidd's Book Boutique.
  4361 | D:7      | Reached * piety under Okawaru
  4942 | D:7      | Reached skill level 5 in Armour
  5134 | D:7      | Found the +2 hat of the Bear Spirit {Spirit, +Rage rN+
                  | MR++}
  5486 | D:8      | Reached skill level 5 in Fighting
  5486 | D:8      | Reached XP level 10. HP: 41/51 MP: 10/12
  5535 | D:8      | Reached ** piety under Okawaru
  5535 | D:8      | Reached skill level 8 in Axes
  5578 | D:8      | Found a shimmering altar of Xom.
  5629 | D:8      | Reached skill level 1 in Invocations
  5786 | D:8      | Noticed Prince Ribbit
  5797 | D:8      | Killed Prince Ribbit
  6608 | D:9      | Noticed Erolcha
  6617 | D:9      | Killed Erolcha
  6617 | D:9      | Reached skill level 9 in Axes
  6642 | D:9      | Reached *** piety under Okawaru
  6702 | D:9      | Found a staircase to the Lair.
  6738 | D:9      | Noticed Psyche
  7120 | D:9      | Found a flagged portal.
  7129 | Bailey   | Entered a bailey
  7308 | Bailey   | Reached XP level 11. HP: 50/56 MP: 13/13
  7616 | Bailey   | Noticed an orc warlord
  7618 | Bailey   | Noticed an orc knight
  7681 | Bailey   | Killed an orc warlord
  7681 | Bailey   | Reached **** piety under Okawaru
  7681 | Bailey   | Reached skill level 10 in Axes
  7741 | Bailey   | Got a scorched trident {drain}
  7782 | Bailey   | Killed an orc knight
  8150 | Lair:1   | Entered Level 1 of the Lair of Beasts
  8219 | Lair:1   | Reached skill level 5 in Stealth
  8228 | Lair:1   | Reached ***** piety under Okawaru
  8331 | Lair:1   | Noticed a four-headed hydra
  8351 | Lair:1   | Identified the +9 trident of the Absolute Madman {drain,
                  | rN+ Dex+2} (You took it off a goblin in a bailey)
  8360 | Lair:1   | Killed a four-headed hydra
  8396 | Lair:1   | Reached skill level 1 in Polearms
  8542 | Lair:1   | Noticed an eight-headed hydra
  8551 | Lair:1   | Killed an eight-headed hydra
  8551 | Lair:1   | Gained mutation: You heal very quickly. [Vine Stalker
                  | growth]
  8551 | Lair:1   | Reached XP level 12. HP: 51/62 MP: 12/14
  8553 | Lair:1   | Received a gift from Okawaru
  8962 | Lair:2   | Noticed Gastronok
  8972 | Lair:2   | Killed Gastronok
  8972 | Lair:2   | Reached skill level 11 in Axes
  9125 | Lair:2   | Found a runed door.
  9125 | Lair:2   | Noticed Maniyck's ghost (novice TrFi)
  9149 | Lair:2   | Reached skill level 5 in Dodging
  9420 | Lair:2   | Received a gift from Okawaru
  9463 | Lair:2   | Got a pair of twisted gloves {god gift}
  9469 | Lair:2   | Identified the +0 pair of gloves of Imperfection {+Blink
                  | MR+ Str+3} (Okawaru gifted it to you on level 2 of the Lair
                  | of Beasts)
  9923 | Lair:3   | Reached skill level 12 in Axes
  9930 | Lair:3   | Reached XP level 13. HP: 67/67 MP: 16/16
 10064 | Lair:3   | Found a staircase to the Snake Pit.
 10093 | Lair:3   | Reached ****** piety under Okawaru
 10403 | Lair:3   | Received a gift from Okawaru
 10535 | Lair:3   | You fall through a shaft for 2 floors!
 10678 | Lair:5   | Reached skill level 13 in Axes
 11569 | Lair:4   | Found a staircase to the Shoals.
 11631 | Lair:5   | Found the +7 great mace "Undeadhunter" {disrupt, rN+}
 12143 | Lair:6   | Entered Level 6 of the Lair of Beasts
 12223 | Lair:6   | Reached XP level 14. HP: 74/74 MP: 17/17
 12246 | Lair:6   | Received a gift from Okawaru
 12592 | Lair:6   | Reached skill level 14 in Axes
 12596 | Lair:6   | Received a gift from Okawaru
 12826 | Lair:6   | Found a staircase to the Slime Pits.
 12827 | Lair:6   | Found a viscous altar of Jiyva.
 13660 | Snake:1  | Entered Level 1 of the Snake Pit
 13660 | Snake:1  | Found Kuagent's Antique Armour Shoppe.
 13689 | Snake:1  | Found a snail-covered altar of Cheibriados.
 14049 | Snake:2  | Slain by a guardian serpent

Skill      XL: |  1  2  3  4  5  6  7  8  9 10 11 12 13 14 |
---------------+-------------------------------------------+-----
Axes           | 2 3 4 5 6 7 9 10 12 13 14 | 14.7
Shields        | 3 4 5 6 7 8 9 |  9.9
Fighting       | 3 4 5 6 7 8 9 |  9.6
Armour         | 3 4 5 6 7 |  7.1
Dodging        | 1 2 3 4 5 6 |  6.6
Evocations     | 1 2 |  2.6
Stealth        | 1 3 5 6 |  6.4
Invocations    | 1 2 3 4 |  4.3
Polearms       | 2 3 4 |  4.2

Action                   |  1- 3 |  4- 6 |  7- 9 | 10-12 | 13-15 || total
-------------------------+-------+-------+-------+-------+-------++-------
Melee: War axe           |    63 |   104 |   262 |   428 |       ||   857
       Bite              |    19 |    36 |   119 |   273 |   216 ||   663
       Trident           |       |       |       |    38 |    19 ||    57
       Broad axe         |       |       |       |   120 |   417 ||   537
Invok: Heroism           |       |       |       |    37 |    23 ||    60
       Finesse           |       |       |       |       |     1 ||     1
 Abil: Evoke Invisibilit |       |       |     6 |     1 |       ||     7
       Evoke Berserk Rag |       |       |       |     1 |       ||     1
       Evoke Blink       |       |       |       |       |     1 ||     1
Evoke: Wand              |       |       |       |     1 |       ||     1
  Use: Scroll            |       |     5 |     3 |     7 |    13 ||    28
       Potion            |       |       |     4 |       |       ||     4
 Stab: Invisible         |       |       |    10 |     6 |       ||    16
       Distracted        |       |       |     1 |       |     2 ||     3
       Sleeping          |       |       |       |     2 |     7 ||     9
  Eat: Chunk             |       |     3 |    11 |     9 |     8 ||    31
       Ration            |       |       |     2 |     1 |     2 ||     5
Armor: Scale mail        |    27 |    27 |    86 |    72 |       ||   212
       Ring mail         |       |       |       |    43 |   103 ||   146
Dodge: Dodged            |    32 |    32 |   106 |   189 |   215 ||   574
Block: Shield            |    30 |    58 |   152 |   283 |   251 ||   774
